 Dungeon Crawl Stone Soup version 0.31-a0-188-g5e087ee2ca (webtiles) character file.

Game seed: 7909714219332222056

2330 qw the Skirmisher (level 9, -2/48 (51) HPs)
             Began as a Deep Elf Hunter on June 22, 2023.
             Was an Initiate of Okawaru.
             Slain by a gnoll
             ... wielding a +0 whip
             ... led by a gnoll bouda
              (4 damage)
             ... on level 6 of the Dungeon.
             The game lasted 00:02:40 (6036 turns).

qw the Skirmisher (Deep Elf Hunter)                 Turns: 6036, Time: 00:02:40

HP:   -2/48 (51)    AC:  8    Str: 12    XL:     9   Next: 19%
MP:   11/11         EV: 13    Int: 15    God:    Okawaru [......]
Gold: 421           SH:  0    Dex: 18    Spells: 8/8 levels left

rFire   + . .        a - +0 orcbow
rCold   + . .        (shield currently unavailable)
rNeg    . . .        b - +1 ring mail {rF+}
rPois   .            (helmet restricted)
rElec   .            (no cloak)
rCorr   .            l - +0 pair of gloves
SInv    .            m - +0 pair of boots
Will    +....        (no amulet)
Stlth   +            f - ring of willpower
HPRegen 0.28/turn    (no ring)
MPRegen 0.12/turn

%: no passive effects
@: about to teleport, drained
A: horns 1, cold resistance 1
a: Renounce Religion


You were on level 6 of the Dungeon.
You worshipped Okawaru.
Okawaru was noncommittal.
You visited 2 branches of the dungeon, and saw 8 of its levels.

You collected 557 gold pieces.
You spent 136 gold pieces at shops.


Innate Abilities, Weirdness & Mutations

You have a pair of small horns on your head.
Your flesh is cold resistant. (rC+)


   Skills:
 - Level 3.3 Fighting
 + Level 14.9 Ranged Weapons
 - Level 1.3 Armour
 - Level 5.0 Dodging
 - Level 1.2 Stealth


You had 8 spell levels left.
You didn't know any spells.
Your spell library was empty.

Inventory:

Hand Weapons
 a - a +0 orcbow (weapon)
Armour
 b - a +1 ring mail of fire resistance (worn)
 l - a +0 pair of gloves (worn)
 m - a +0 pair of boots (worn)
Jewellery
 f - a ring of willpower (left hand)
Wands
 i - a wand of digging (6)
Scrolls
 d - 3 scrolls of teleportation
 e - 2 scrolls of identify
Potions
 h - 3 potions of curing
 j - 2 potions of enlightenment
 k - 2 potions of haste

Dungeon Overview and Level Annotations

Branches:
Dungeon (7/15)             Temple (1/1) D:6

Altars:
Ashenzari
Cheibriados
Dithmenos
Elyvilon
Fedhas
Gozag
Hepliaklqana
Kikubaaqudgha
Nemelex Xobeh
Okawaru
Qazlal
Sif Muna
Trog
Uskayaw
Wu Jian
Xom
Yredelemnul
Zin
The Shining One

Shops:
D:1 !   D:4 [:(

Annotations:
D:5 1 runed translucent door, qw's ghost, novice NaHu


Message History

A wight comes into view. It is wielding a +0 dire flail.
You shoot an arrow.
The arrow hits the gnoll but does no damage.
The gnoll is severely wounded.
The gnoll barely misses you.
A wight comes into view.
It is wielding a +2 dire flail of freezing.
You shoot an arrow.
The arrow closely misses the gnoll bouda.
The gnoll barely misses you. The gnoll bouda closely misses you.
The wight hits you with a +2 dire flail.
You feel drained.
You shoot an arrow.
The arrow barely misses the gnoll bouda.
A gnoll comes into view. It is wielding a +0 flail.
The gnoll hits you from afar with a +0 spear!
The gnoll barely misses you.
The gnoll bouda hits you but does no damage.
The wight misses you.
The gnoll moves out of view.
6032 ||| STAIRDANCE The gnoll hits you from afar with a +0 spear!
The wight hits you with a +2 dire flail!
The gnoll hits you with a +0 whip. The gnoll bouda barely misses you.
You climb upwards.
There is a stone staircase leading down here.
You shoot an arrow.
The arrow closely misses the gnoll bouda.
The gnoll hits you with a +0 whip.
The gnoll bouda hits you with a +0 club!
The wight hits you with a +2 dire flail.
You feel drained.
6035 ||| READING 4 scrolls of teleportation.
As you read the scroll of teleportation, it crumbles to dust.
You feel strangely unstable. The gnoll completely misses you.
The gnoll bouda hits you but does no damage.
The wight hits you with a +2 dire flail.
You shoot an arrow.
The arrow barely misses the gnoll bouda.
The gnoll hits you with a +0 whip.
You die...

.......#...#.777.7...#
########''(#........##
...7777....7...7....#
....7.....[..7......#
...7.7........)....##
..................##
....(.........#####
##..###.....############
...............g@......#
######.........#zg.....#
...###.##.#............#
##..##.##.#####..#######
##..#.##)..###..#
####...##.....#.[#
..###..##.....#..#
..###..##.....#..#
..#..............#


You could see a gnoll bouda, a wight and a gnoll (swift).

Vanquished Creatures
  An ice beast (D:5)
  A black bear (D:5)
  3 ogres (D:6)
  3 centaurs (D:6)
  2 phantoms (D:5)
  2 kobold brigands (D:6)
  Blork the orc (D:4)
  A gnoll sergeant (D:6)
  A wyvern zombie (D:5)
  A water moccasin zombie (D:5)
  A bullfrog zombie (D:5)
  11 hounds
  2 jellies (D:5)
  A gnoll bouda (D:6)
  2 orc priests (D:6)
  Jessica (D:3)
  5 iguanas
  4 orc wizards
  A scorpion zombie (D:5)
  A hound zombie (D:5)
  Robin (D:3)
  9 adders
  8 gnolls
  A howler monkey zombie (D:5)
  A white imp (D:6)
  An ufetubus (D:4)
  10 dart slugs
  7 orcs
  7 endoplasms
  2 giant cockroaches
  13 goblins
  13 hobgoblins
  8 quokkas
  6 ball pythons
  3 bats (D:3)
  5 frilled lizards
  18 kobolds
  4 rats
162 creatures vanquished.

Notes
Turn   | Place    | Note
-------+----------+-------------------------------------------
     0 | D:1      | qw the Deep Elf Hunter began the quest for the Orb.
     0 | D:1      | Reached XP level 1. HP: 12/12 MP: 3/3
     0 | D:1      | 0 ||| qw: Version: 0.3-a-9-g12657ce
     0 | D:1      | 0 ||| qw: Game counter: 2972
     0 | D:1      | 0 ||| qw: Always use a shield: true
     0 | D:1      | 0 ||| qw: God list: Okawaru
     0 | D:1      | 0 ||| qw: Allow faded altars: false
     0 | D:1      | 0 ||| qw: Do Orc after D:15 true
     0 | D:1      | 0 ||| qw: Do second Lair branch before Depths: true
     0 | D:1      | 0 ||| qw: Lair rune preference: random
     0 | D:1      | 0 ||| qw: Plans: Normal
     0 | D:1      | 0 ||| PLANNING D:1-11
   103 | D:1      | Found Ceryceo's Distillery.
   114 | D:1      | 114 ||| BUYING potion of curing (33 gold).
   114 | D:1      | Bought a potion of curing for 33 gold pieces
   114 | D:1      | 114 ||| SHOPLISTING potion of curing (33 gold, have 0).
   114 | D:1      | 114 ||| SHOPLISTING potion of haste (110 gold, have 0).
   135 | D:1      | Reached XP level 2. HP: 16/16 MP: 4/4
   167 | D:1      | Reached skill level 6 in Ranged Weapons
   403 | D:1      | 403 ||| UPGRADING to +0 ring mail.
   413 | D:1      | 413 ||| DROPPING +0 leather armour.
   414 | D:1      | 414 ||| DROPPING +6 ring of intelligence.
   415 | D:1      | 415 ||| READING 3 scrolls labelled LOJAER WUYTUWY.
   416 | D:1      | 416 ||| READING 2 scrolls labelled CUMUOS SIXTU.
   417 | D:1      | 417 ||| READING scroll labelled NATAATZEBRI.
   418 | D:1      | 418 ||| READING scroll labelled LUUVOXKUEDGH.
   419 | D:1      | 419 ||| READING scroll labelled LEESTR DA XAU.
   420 | D:1      | 420 ||| DRINKING 2 ruby potions.
   421 | D:1      | 421 ||| DROPPING 2 scrolls of fear.
   422 | D:1      | 422 ||| DROPPING scroll of butterflies.
   611 | D:2      | Reached XP level 3. HP: 20/20 MP: 5/5
   782 | D:2      | You fall into a shaft and drop 2 floors!
   789 | D:4      | Reached skill level 7 in Ranged Weapons
   790 | D:4      | Found a shimmering altar of Xom.
   803 | D:4      | Reached XP level 4. HP: 25/25 MP: 6/6
   804 | D:4      | 804 ||| DRINKING 2 potions of curing.
   804 | D:4      | 804 ||| (to cure confusion)
   807 | D:4      | Noticed Blork the orc
   814 | D:4      | Killed Blork the orc
   815 | D:4      | Reached skill level 8 in Ranged Weapons
   815 | D:4      | Reached XP level 5. HP: 10/29 MP: 7/7
   815 | D:4      | HP: 6/29 [something/magic dart (4)]
   817 | D:4      | HP: 2/29 [something/magic dart (5)]
   934 | D:4      | 934 ||| READING scroll labelled RUESEPSAOXU.
   935 | D:4      | 935 ||| READING scroll labelled NIORCH UTSO.
   940 | D:4      | 940 ||| READING scroll labelled JEOFFOR FEGIM.
   941 | D:4      | 941 ||| READING 3 scrolls labelled OWUMNI CIOLAIMN.
   942 | D:4      | 942 ||| READING 2 scrolls of enchant weapon.
   942 | D:4      | 942 ||| ENCHANTING +1 shortbow of electrocution.
   943 | D:4      | 943 ||| READING scroll of enchant weapon.
   943 | D:4      | 943 ||| ENCHANTING +2 shortbow of electrocution.
   944 | D:4      | 944 ||| READING scroll labelled HEGOAB QICS.
   946 | D:4      | 946 ||| Stepping ~*~*~tactically~*~*~ (cloud).
  1040 | D:4      | 1040 ||| STAIRDANCE
  1043 | D:3      | Reached skill level 9 in Ranged Weapons
  1045 | D:3      | 1045 ||| Stepping ~*~*~tactically~*~*~ (outnumbered).
  1047 | D:3      | 1047 ||| Stepping ~*~*~tactically~*~*~ (outnumbered).
  1087 | D:3      | Noticed Robin
  1091 | D:3      | 1091 ||| Stepping ~*~*~tactically~*~*~ (outnumbered).
  1097 | D:3      | 1097 ||| Stepping ~*~*~tactically~*~*~ (outnumbered).
  1106 | D:3      | HP: 6/26 [Robin/+5 heavy spear (3)]
  1108 | D:3      | Killed Robin
  1211 | D:3      | 1211 ||| UPGRADING to +0 helmet.
  1224 | D:3      | 1224 ||| FLEEEEING.
  1225 | D:3      | 1225 ||| FLEEEEING.
  1226 | D:3      | 1226 ||| STAIRDANCE
  1227 | D:2      | Found a faded altar of an unknown god.
  1337 | D:2      | 1337 ||| READING scroll of enchant weapon.
  1337 | D:2      | 1337 ||| ENCHANTING +3 shortbow of electrocution.
  1516 | D:2      | 1516 ||| DROPPING ring of wizardry.
  1766 | D:3      | Reached XP level 6. HP: 32/32 MP: 8/8
  1775 | D:3      | HP: 8/32 [poisoned by a kobold]
  1882 | D:3      | 1882 ||| Stepping ~*~*~tactically~*~*~ (water).
  2160 | D:3      | Noticed Jessica
  2161 | D:3      | Killed Jessica
  2320 | D:3      | 2320 ||| UPGRADING to +0 pair of gloves.
  2325 | D:3      | 2325 ||| READING scroll labelled LALEIPS IWEWNE.
  2326 | D:3      | 2326 ||| READING scroll labelled REF EBAUNYRU.
  2427 | D:3      | 2427 ||| READING 4 scrolls of identify.
  2427 | D:3      | 2427 ||| IDENTIFYING glowing black potion
  2428 | D:3      | 2428 ||| READING 3 scrolls of identify.
  2428 | D:3      | 2428 ||| IDENTIFYING murky orange potion
  2429 | D:3      | 2429 ||| READING 2 scrolls of identify.
  2429 | D:3      | 2429 ||| IDENTIFYING silvery potion
  2430 | D:3      | 2430 ||| DROPPING potion of brilliance.
  2431 | D:3      | 2431 ||| DROPPING potion of degeneration.
  2533 | D:4      | 2533 ||| READING scroll of enchant weapon.
  2533 | D:4      | 2533 ||| ENCHANTING +4 shortbow of electrocution.
  2693 | D:4      | Found a glowing golden altar of the Shining One.
  2693 | D:4      | Found a white marble altar of Elyvilon.
  2695 | D:4      | Found a glowing silver altar of Zin.
  2793 | D:4      | Found Koyga's Antique Weapon Shop.
  2794 | D:4      | Found Vamicil's Antique Armour Shoppe.
  2795 | D:4      | Found Yptajyus's Book Boutique.
  2799 | D:4      | 2799 ||| BUYING pair of boots (103 gold).
  2799 | D:4      | Bought a pair of boots for 103 gold pieces
  2799 | D:4      | 2799 ||| SHOPLISTING smoking leather armour (161 gold, have
                  | 151).
  2937 | D:4      | 2937 ||| UPGRADING to +0 pair of boots.
  2942 | D:4      | 2942 ||| DROPPING amulet of magic regeneration.
  2943 | D:4      | 2943 ||| UPGRADING to ring of willpower.
  2944 | D:4      | 2944 ||| READING scroll labelled COMUNE MUERCHUI.
  2969 | D:5      | Entered Level 5 of the Dungeon
  2989 | D:5      | Reached skill level 1 in Armour
  3158 | D:5      | Found a blossoming altar of Fedhas.
  3169 | D:5      | Reached skill level 10 in Ranged Weapons
  3212 | D:5      | Found a shadowy altar of Dithmenos.
  3254 | D:5      | Reached skill level 3 in Dodging
  3279 | D:5      | Reached XP level 7. HP: 35/40 MP: 9/9
  3366 | D:5      | 3366 ||| Stepping ~*~*~tactically~*~*~ (outnumbered).
  3368 | D:5      | 3368 ||| Stepping ~*~*~tactically~*~*~ (outnumbered).
  3379 | D:5      | Reached skill level 11 in Ranged Weapons
  3547 | D:5      | Found an ancient bone altar of Kikubaaqudgha.
  3578 | D:5      | Found a runed translucent door.
  3580 | D:5      | Noticed qw's ghost (novice NaHu)
  3580 | D:5      | Noticed a gargoyle
  3681 | D:5      | Reached skill level 12 in Ranged Weapons
  3809 | D:5      | Reached XP level 8. HP: 45/45 MP: 10/10
  3815 | D:5      | Reached skill level 3 in Fighting
  3816 | D:5      | Found a basalt altar of Yredelemnul.
  3926 | D:5      | Found a hazy altar of Hepliaklqana.
  4020 | D:5      | 4020 ||| DRINKING 2 fuming white potions.
  4020 | D:5      | Gained mutation: You passively dampen the noise of your
                  | surroundings. [potion of mutation]
  4020 | D:5      | Gained mutation: You occasionally lose the ability to read
                  | scrolls when taking damage. [potion of mutation]
  4021 | D:5      | 4021 ||| DRINKING potion of mutation.
  4021 | D:5      | Lost mutation: You passively dampen the noise of your
                  | surroundings. [potion of mutation]
  4021 | D:5      | Lost mutation: You occasionally lose the ability to read
                  | scrolls when taking damage. [potion of mutation]
  4021 | D:5      | Gained mutation: You have a pair of small horns on your
                  | head. [potion of mutation]
  4021 | D:5      | Gained mutation: Your flesh is cold resistant. (rC+)
                  | [potion of mutation]
  4022 | D:5      | 4022 ||| DROPPING +0 helmet.
  4023 | D:5      | 4023 ||| READING 2 scrolls of identify.
  4023 | D:5      | 4023 ||| IDENTIFYING coppery potion
  4024 | D:5      | 4024 ||| DROPPING potion of invisibility.
  4178 | D:6      | HP: 9/46 [gnoll sergeant/+0 spear (6)]
  4179 | D:6      | 4179 ||| READING 4 scrolls of teleportation.
  4179 | D:6      | HP: 3/46 [kobold/puff of flame (6)]
  4180 | D:6      | 4180 ||| DRINKING potion of heal wounds.
  4293 | D:6      | Reached skill level 13 in Ranged Weapons
  4355 | D:6      | 4355 ||| FLEEEEING.
  4437 | D:6      | 4437 ||| SWAPPING to +0 orcbow.
  4438 | D:6      | 4438 ||| DROPPING +5 shortbow of electrocution.
  4452 | D:6      | 4452 ||| FLEEEEING.
  4453 | D:6      | 4453 ||| FLEEEEING.
  4454 | D:6      | 4454 ||| FLEEEEING.
  4455 | D:6      | 4455 ||| FLEEEEING.
  4461 | D:6      | 4461 ||| FLEEEEING.
  4462 | D:6      | 4462 ||| FLEEEEING.
  4463 | D:6      | 4463 ||| FLEEEEING.
  4464 | D:6      | 4464 ||| FLEEEEING.
  4465 | D:6      | 4465 ||| FLEEEEING.
  4466 | D:6      | 4466 ||| FLEEEEING.
  4467 | D:6      | 4467 ||| FLEEEEING.
  4468 | D:6      | 4468 ||| FLEEEEING.
  4469 | D:6      | 4469 ||| FLEEEEING.
  4470 | D:6      | 4470 ||| FLEEEEING.
  4471 | D:6      | 4471 ||| FLEEEEING.
  4472 | D:6      | 4472 ||| FLEEEEING.
  4473 | D:6      | 4473 ||| FLEEEEING.
  4474 | D:6      | 4474 ||| FLEEEEING.
  4475 | D:6      | 4475 ||| FLEEEEING.
  4580 | D:6      | Reached skill level 14 in Ranged Weapons
  4589 | D:6      | 4589 ||| STAIRDANCE
  4668 | D:6      | 4668 ||| FLEEEEING.
  4669 | D:6      | 4669 ||| FLEEEEING.
  4679 | D:6      | 4679 ||| STAIRDANCE
  4782 | D:6      | 4782 ||| STAIRDANCE
  4876 | D:6      | Found a broken altar of Ashenzari.
  5025 | D:6      | Reached XP level 9. HP: 51/51 MP: 11/11
  5095 | D:6      | Found a staircase to the Ecumenical Temple.
  5096 | D:6      | 5096 ||| PLANNING TEMPLE
  5104 | Temple   | Entered the Ecumenical Temple
  5137 | Temple   | 5137 ||| PLANNING OKAWARU WORSHIP
  5348 | Temple   | Became a worshipper of Warmaster Okawaru
  5349 | Temple   | 5349 ||| PLANNING D:1-11
  5862 | D:6      | 5862 ||| UPGRADING to +1 ring mail of fire resistance.
  5872 | D:6      | 5872 ||| DROPPING +0 ring mail.
  5914 | D:7      | 5914 ||| STAIRDANCE
  6032 | D:7      | 6032 ||| STAIRDANCE
  6034 | D:6      | HP: 10/50 [gnoll bouda/+0 club (7)]
  6034 | D:6      | HP: 4/50 [wight/+2 dire flail (6)]
  6035 | D:6      | 6035 ||| READING 4 scrolls of teleportation.
  6036 | D:6      | Slain by a gnoll

Levels and vault maps discovered:
D:1:      minmay_arrival_open_corners, layout_rooms, serial_shops, shop
D:2:      layout_loops_ring, ebering_ecumenical_altar_sacrificial
D:3:      kennysheep_slugbush, layout_loops_cross, serial_forest,
          infiniplex_forest_lined_room_3, infiniplex_forest_lined_2,
          infiniplex_forest_end_2, infiniplex_forest_clump_tiny, uniq_jessica,
          uniq_robin
D:4:      layout_rooms, dreamdust_divine_triumvirate,
          mainiacjoe_overflow_catwalk, nicolae_wooded_promenade,
          minmay_crystal_room, nicolae_titane, uniq_blork_the_orc
D:5:      layout_loops_cross, nicolae_hepliaklqana_hippocampus,
          nicolae_overflow_hidden_temple, nicolae_yredelemnul_corpse_copse,
          ebering_ghost_inner_flame, minmay_misc_feat_encased,
          minmay_fractal_squares_gapless_5
D:6:      kennysheep_housing_project, layout_basic, nicolae_ashenzari_skybound,
          lemuel_temple_firewalk_b, chequers_serial_rivers_micro_c,
          serial_bayou_ford_a
D:7:      layout_rooms, uniq_menkaure
Temple:   jpeg_temple_island

Skill      XL: |  1  2  3  4  5  6  7  8 |
---------------+-------------------------+-----
Ranged Weapons | 6 7 8 9 10 12 14 | 14.9
Fighting       | 2 3 |  3.3
Armour         | 1 |  1.3
Dodging        | 3 5 |  5.0
Stealth        | |  1.2

Action                     |  1- 3 |  4- 6 |  7- 9 || total
---------------------------+-------+-------+-------++-------
   Fire: Shortbow          |    68 |   140 |   128 ||   336
         Orcbow            |       |       |   141 ||   141
    Use: Scroll            |     5 |    15 |     3 ||    23
         Potion            |     1 |     1 |     3 ||     5
 Armour: Leather armour    |     1 |       |       ||     1
         Ring mail         |     5 |    20 |    35 ||    60
  Dodge: Dodged            |    11 |    22 |    85 ||   118

Table legend:
 A = Non-vault XP
 B = Vault XP
 C = Vault XP percentage of total XP
 D = Non-vault monster count
 E = Vault monster count
 F = Vault count percentage of total count
                 A         B        C        D         E       F
            +---------+---------+-------+---------+---------+-------
      Total |    1447 |    1882 |  56.5 |     101 |      61 |  37.7
            +---------+---------+-------+---------+---------+-------
        D:1 |      29 |       0 |   0.0 |      18 |       0 |   0.0
        D:2 |      29 |       0 |   0.0 |      10 |       0 |   0.0
        D:3 |      74 |     103 |  58.2 |      23 |      20 |  46.5
        D:4 |     124 |      99 |  44.4 |       9 |       1 |  10.0
        D:5 |     715 |     592 |  45.3 |      20 |      10 |  33.3
        D:6 |     462 |    1088 |  70.2 |      20 |      30 |  60.0
        D:7 |      14 |       0 |   0.0 |       1 |       0 |   0.0
            +---------+---------+-------+---------+---------+-------
